[Event "Titled Tuesday Blitz November 15 Early 2022"]
[White "Aldokhin, Ivan"]
[Black "Gurvich, Vitaly"]
[WhiteFideId "24115720"]
[BlackFideId "24164852"]
[WhiteElo "2313"]
[BlackElo "2342"]
[Result "0-1"]
[Round "11"]
[TimeControl "180+1"]
[Date "2022.11.16"]
[WhiteClock "0:00:02"]
[BlackClock "0:00:35"]

1. e4 c6 2. Nc3 d5 3. Nf3 dxe4 4. Nxe4 Nf6 5. Neg5 h6 6. Nxf7 Kxf7 7. Ne5+ Kg8 8. Bc4+ Nd5 9. Qf3 Be6 10. d4 Nd7 11. Ng6 N7f6 12. Nxh8 Kxh8 13. Bd2 a5 14. h3 a4 15. a3 b5 16. Bd3 Qd7 17. O-O-O b4 18. axb4 a3 19. b3 a2 20. Kb2 Qa7 21. Rhe1 Bg8 22. Bc4 Qa3+ 23. Ka1 Nxb4 24. Qc3 Nfd5 25. Qb2 Qa7 26. c3 Na6 27. Bf1 Qb7 28. c4 Ndb4 29. d5 Bh7 0-1


[Site "https://www.chess.com"]

[Event "Titled Tuesday Blitz November 15 Early 2022"]
[White "Ambartsumova, Karina"]
[Black "Acor, Corey"]
[WhiteFideId "4166299"]
[BlackFideId "2024861"]
[WhiteElo "2584"]
[BlackElo "2725"]
[Result "1-0"]
[Round "11"]
[TimeControl "180+1"]
[Date "2022.11.16"]
[WhiteClock "0:00:05"]
[BlackClock "0:00:05"]

1. Nf3 d6 2. d4 g6 3. g3 Bg7 4. Bg2 Nd7 5. O-O e5 6. c4 Ne7 7. Nc3 O-O 8. e4 f5 9. exf5 Nxf5 10. Bg5 Bf6 11. Bxf6 Qxf6 12. Nd5 Qd8 13. dxe5 Nxe5 14. Nxe5 dxe5 15. Re1 Qd6 16. Rc1 c6 17. c5 Qd8 18. Nc3 Nd4 19. Rxe5 Bf5 20. Bd5+ cxd5 21. Qxd4 Rf7 22. Rxd5 Qg5 23. Rd1 Raf8 24. Rd8 Bg4 25. Rxf8+ Rxf8 26. Qd5+ Qxd5 27. Rxd5 Bf3 28. Re5 Rd8 29. Re3 Bc6 30. f4 Rd4 31. Kf2 Kf7 32. a3 h5 33. Re5 Rd2+ 34. Re2 Rd4 35. Ke3 Rc4 36. Kd3 Rxc5 37. Re3 Rf5 38. h4 b6 39. Kd4 Rf6 40. b4 Rd6+ 41. Kc4 Rd2 42. b5 Bd7 43. Ne4 Rc2+ 44. Kb3 Rg2 45. a4 Be6+ 46. Kb4 Bd5 47. Nd6+ Kf6 48. Nc8 Rb2+ 49. Ka3 Ra2+ 50. Kb4 Rb2+ 51. Kc3 Ra2 52. Kd4 Be6 53. Nd6 Rxa4+ 54. Kc3 Ra3+ 55. Kd4 Ra4+ 56. Kc3 Ra1 57. Kd4 Bg4 58. Ne4+ Kg7 59. Nc3 Rc1 60. Ke5 Kf7 61. Kd6 Rc2 62. Kc7 Rc1 63. Kb7 Ra1 64. Nd5 Be6 65. Nc3 Bc4 66. Re4 Bd3 67. Rd4 Bf5 68. Kb8 Rc1 69. Rc4 Rg1 70. Rc7+ Ke6 71. Kxa7 Rxg3 72. Kxb6 Kd6 73. Rc6+ Kd7 74. Rc7+ Kd8 75. Rc5 Bd7 76. Nd5 Rg4 77. Nf6 Rxf4 78. Nxd7 Kxd7 79. Rd5+ Ke6 80. Kc6 Rxh4 81. b6 Rb4 82. Rb5 Rf4 83. b7 Rf8 84. b8=Q Rxb8 85. Rxb8 Kf5 86. Kd5 h4 87. Rf8+ Kg4 88. Ke4 g5 89. Ke3 Kg3 90. Ke2 h3 91. Kf1 g4 92. Kg1 Kh4 93. Rh8+ Kg3 94. Rh7 Kf3 95. Kh2 Kf2 96. Rf7+ Ke3 97. Kg3 Ke4 98. Rg7 1-0


[Site "https://www.chess.com"]

[Event "Titled Tuesday Blitz November 15 Early 2022"]
[White "Andreikin, Dmitry"]
[Black "Shuvalova, Polina"]
[WhiteFideId "4158814"]
[BlackFideId "24171760"]
[WhiteElo "2736"]
[BlackElo "2342"]
[Result "0-1"]
[Round "11"]
[TimeControl "180+1"]
[Date "2022.11.15"]
[WhiteClock "0:00:02"]
[BlackClock "0:00:17"]

1. c4 e5 2. Nc3 Nf6 3. Nf3 e4 4. Ng5 c6 5. Qa4 b5 6. cxb5 d5 7. e3 Qb6 8. d3 h6 9. bxc6 hxg5 10. dxe4 dxe4 11. Bb5 a6 12. Bd2 Be7 13. Rc1 O-O 14. h4 g4 15. h5 Ra7 16. Be2 Nxc6 17. h6 Nb4 18. hxg7 Kxg7 19. a3 Bd7 20. Qd1 Nd3+ 21. Bxd3 exd3 22. Na4 Qb7 23. Bc3 Qxg2 24. Rf1 Rh8 25. Bd4 Raa8 26. Nc5 Bf5 27. Kd2 Kg6 28. Nxd3 Ne4+ 29. Kc2 Nxf2 30. Rxf2 Qxf2+ 31. Kb3 Be6+ 32. Ka4 Qf5 33. Ne5+ Kg5 34. e4 Qxe4 35. Qd2+ Qf4 36. Qxf4+ Kxf4 37. Rf1+ Ke4 38. Bc3 g3 39. Re1+ Kf5 40. Rf1+ Kg5 41. Bd2+ Kh4 42. Rh1+ Bh3 43. Nf3+ Kg4 44. Ne5+ Kf5 45. Nxf7 g2 46. Rg1 Bc5 0-1


[Site "https://www.chess.com"]

[Event "Titled Tuesday Blitz November 15 Early 2022"]
[White "Aradhya, Garg"]
[Black "Salinas Herrera, Pablo"]
[WhiteFideId "25006746"]
[BlackFideId "3407128"]
[WhiteElo "2223"]
[BlackElo "2557"]
[Result "1-0"]
[Round "11"]
[TimeControl "180+1"]
[Date "2022.11.15"]
[WhiteClock "0:00:29"]
[BlackClock "0:00:02"]

1. d4 d5 2. c4 e6 3. Nc3 Nf6 4. cxd5 exd5 5. Bg5 c6 6. e3 h6 7. Bh4 Bd6 8. Bd3 O-O 9. Nge2 Re8 10. Qc2 a5 11. h3 Na6 12. a3 Nc7 13. g4 Ne6 14. O-O-O b5 15. f4 b4 16. g5 hxg5 17. fxg5 Nd7 18. Na4 bxa3 19. g6 Qxh4 20. gxf7+ Kxf7 21. Bg6+ Ke7 22. Bxe8 a2 23. Kd2 Bb4+ 24. Nac3 Kxe8 25. Qg6+ Ke7 26. Rhf1 Nf6 27. Nf4 Qh6 28. Qxh6 gxh6 29. Ng6+ Kf7 30. Ne5+ Kg7 31. Rg1+ Kh7 32. Rdf1 Ne4+ 33. Kc2 N6g5 34. h4 a1=Q 35. Rxa1 Bf5 36. Raf1 Ng3+ 37. Rxf5 Nxf5 38. hxg5 Nxe3+ 39. Kd3 Nf5 40. Rf1 Nd6 41. gxh6 Kxh6 42. Nxc6 Bxc3 43. Rf6+ Kg5 44. Rxd6 Bxb2 45. Rxd5+ Kf6 46. Nxa5 Ke6 47. Re5+ Kd7 48. Nc4 Ba1 49. Rh5 Re8 50. d5 Re7 51. Rh6 Rg7 52. Rd6+ Kc7 53. Rc6+ Kd8 54. Ra6 Rg3+ 55. Ke2 Rg1 56. Ra8+ Kd7 57. Ra7+ Kd8 58. Na5 Bd4 59. Nc6+ Kc8 60. Nxd4 Rg5 61. d6 Rd5 62. Rc7+ 1-0


[Site "https://www.chess.com"]

[Event "Titled Tuesday Blitz November 15 Early 2022"]
[White "Arbunic Castro, Giovanna"]
[Black "Gerbelli Neto, Eduardo"]
[WhiteFideId "3400549"]
[BlackFideId "2103281"]
[WhiteElo "1925"]
[BlackElo "2178"]
[Result "0-1"]
[Round "11"]
[TimeControl "180+1"]
[Date "2022.11.16"]
[WhiteClock "0:00:02"]
[BlackClock "0:00:05"]

1. e4 e5 2. d4 exd4 3. Qxd4 Nc6 4. Qe3 g6 5. Nc3 Bg7 6. Bd2 Nf6 7. O-O-O O-O 8. Bc4 Ne5 9. Bb3 d6 10. f4 Neg4 11. Qg3 c6 12. h3 Nh6 13. Qf3 Kh8 14. g4 Nhg8 15. e5 dxe5 16. fxe5 Nd5 17. Nxd5 cxd5 18. Bxd5 Be6 19. Bc3 Qg5+ 20. Kb1 Rad8 21. Ne2 Bxd5 22. Rxd5 Rxd5 23. Qxd5 b6 24. Rd1 Qe3 25. Qd3 Qxd3 26. Rxd3 Ne7 27. Rd7 Nc6 28. Rc7 Nxe5 29. Rxa7 Kg8 30. Rb7 Nc4 31. Bxg7 Kxg7 32. b3 Re8 33. bxc4 Rxe2 34. Rxb6 Re4 35. c5 Rc4 36. c6 Rc3 37. Kb2 Rc5 38. Kb3 h5 39. c4 hxg4 40. hxg4 f5 41. gxf5 gxf5 42. Kb4 Re5 43. c7 Re8 44. Rb8 f4 45. Rxe8 f3 46. c8=Q f2 47. Qf5 f1=Q 0-1


[Site "https://www.chess.com"]

[Event "Titled Tuesday Blitz November 15 Early 2022"]
[White "Artemenko, Oleg"]
[Black "D`Arruda, Ricardo D."]
[WhiteFideId "14201798"]
[BlackFideId "100692"]
[WhiteElo "2287"]
[BlackElo "2497"]
[Result "1-0"]
[Round "11"]
[TimeControl "180+1"]
[Date "2022.11.16"]
[WhiteClock "0:01:30"]
[BlackClock "0:01:30"]

1. e4 c5 2. Nc3 e6 3. Nf3 d6 4. d4 cxd4 5. Qxd4 Nc6 6. Bb5 Nf6 7. Bg5 Be7 8. O-O-O O-O 9. Bxc6 bxc6 10. e5 Nd5 11. Bxe7 Qxe7 12. Ne4 dxe5 13. Nxe5 Bb7 14. c4 Nb6 15. Qd6 Qh4 16. g4 c5 17. f3 Bxe4 18. fxe4 f6 19. Qxe6+ Kh8 20. Nf7+ Rxf7 21. Qxf7 Qxg4 22. Rhg1 Qf4+ 23. Kb1 Qxe4+ 24. Ka1 Rg8 25. Qxg7+ 1-0


[Site "https://www.chess.com"]

[Event "Titled Tuesday Blitz November 15 Early 2022"]
[White "Aumann, Welf"]
[Black "Chernomordik, Pavel"]
[WhiteFideId "4634071"]
[BlackFideId "2804530"]
[WhiteElo "2291"]
[BlackElo "2192"]
[Result "1/2-1/2"]
[Round "11"]
[TimeControl "180+1"]
[Date "2022.11.16"]
[WhiteClock "0:00:09"]
[BlackClock "0:00:37"]

1. c4 g6 2. g3 Bg7 3. Bg2 e5 4. Nc3 Nc6 5. e4 d6 6. d3 Be6 7. Nge2 Qd7 8. h3 Nge7 9. Nd5 O-O 10. Bh6 f5 11. Bxg7 Kxg7 12. Qd2 h6 13. f4 Nd8 14. O-O c6 15. Nxe7 Qxe7 16. exf5 Bxf5 17. d4 Nf7 18. fxe5 dxe5 19. g4 Be6 20. d5 cxd5 21. cxd5 Bd7 22. Nc3 Nd6 23. Rxf8 Rxf8 24. Re1 Nc4 25. d6 Qh4 26. Qe2 Nxd6 27. Qxe5+ Kh7 28. Rd1 Qf2+ 29. Kh1 Nf7 30. Rxd7 Kg8 31. Bd5 Qf1+ 32. Kh2 Qf2+ 33. Kh1 Qf1+ 34. Kh2 Qf2+ 35. Kh1 1/2-1/2


[Site "https://www.chess.com"]

[Event "Titled Tuesday Blitz November 15 Early 2022"]
[White "Begunov, Konstantin"]
[Black "Kouskoutis, Georgios-Alexandros"]
[WhiteFideId "4118510"]
[BlackFideId "4234049"]
[WhiteElo "2140"]
[BlackElo "2187"]
[Result "0-1"]
[Round "11"]
[TimeControl "180+1"]
[Date "2022.11.16"]
[WhiteClock "0:01:04"]
[BlackClock "0:00:46"]

1. d4 Nf6 2. c4 e6 3. Nf3 c5 4. Nc3 cxd4 5. Nxd4 d5 6. cxd5 Nxd5 7. g3 Nxc3 8. bxc3 e5 9. Nb5 Qa5 10. Qd5 Nc6 11. Bd2 Be6 12. c4 Bxd5 13. Bxa5 Bxh1 14. Nc7+ Ke7 15. Nd5+ Bxd5 16. cxd5 Nxa5 0-1


[Site "https://www.chess.com"]

[Event "Titled Tuesday Blitz November 15 Early 2022"]
[White "Bluebaum, Matthias"]
[Black "Bacrot, Etienne"]
[WhiteFideId "24651516"]
[BlackFideId "605506"]
[WhiteElo "2633"]
[BlackElo "2666"]
[Result "1-0"]
[Round "11"]
[TimeControl "180+1"]
[Date "2022.11.15"]
[WhiteClock "0:00:28"]
[BlackClock "0:00:06"]

1. d4 Nf6 2. c4 c6 3. Nc3 d5 4. Nf3 dxc4 5. e4 b5 6. Qc2 Bb7 7. Be2 e6 8. O-O Nbd7 9. b3 cxb3 10. axb3 Be7 11. e5 Nd5 12. Nxd5 exd5 13. Bd2 a5 14. Ne1 O-O 15. Nd3 f6 16. f4 f5 17. g4 fxg4 18. Bxg4 Kh8 19. Kh1 a4 20. bxa4 bxa4 21. Rxa4 Rxa4 22. Qxa4 Nb6 23. Qa7 Nc4 24. Qxb7 Nxd2 25. Rg1 Qe8 26. f5 Bg5 27. h4 Be3 28. Rg3 Bh6 29. Rg2 Nc4 30. Nc5 Ne3 31. Ne6 Nxg4 32. Nxf8 Ne3 33. f6 Nxg2 34. e6 Qxf8 35. e7 Qe8 36. f7 Qxf7 37. Qc8+ Qg8 38. Qxg8+ 1-0


[Site "https://www.chess.com"]

[Event "Titled Tuesday Blitz November 15 Early 2022"]
[White "Buscar, Michael"]
[Black "Smietanska, Wiktoria"]
[WhiteFideId "2603616"]
[BlackFideId "21869359"]
[WhiteElo "2010"]
[BlackElo "1695"]
[Result "0-1"]
[Round "11"]
[TimeControl "180+1"]
[Date "2022.11.16"]
[WhiteClock "0:00:10"]
[BlackClock "0:00:02"]

1. e4 c5 2. Nf3 d6 3. Bb5+ Nd7 4. O-O a6 5. Bd3 Ngf6 6. Re1 g6 7. a4 Bg7 8. c3 O-O 9. Na3 Rb8 10. Nc4 b5 11. axb5 axb5 12. Ne3 e6 13. Bc2 d5 14. e5 Ne8 15. d4 f6 16. exf6 Ndxf6 17. dxc5 Qc7 18. b4 Ne4 19. Bxe4 dxe4 20. Nd4 Qf7 21. Qe2 Nc7 22. Nc6 Rb7 23. Bb2 Nd5 24. Nd4 Nf4 25. Qd2 Nd3 26. Rf1 e5 27. Ndc2 Nxb2 28. Ra8 Nc4 29. Nxc4 Qxc4 30. Ne3 Qf7 31. Qd6 Be6 32. Ra6 Bc4 33. Nxc4 Qxc4 34. c6 Rbb8 35. Ra7 Rbc8 36. Qd7 Qf7 37. Rb7 Qxd7 38. cxd7 Rb8 39. Rc7 Rfd8 40. Rd1 Bf6 41. Rc5 Kf7 42. Rc6 Ke7 43. Rdd6 Bg5 44. Re6+ Kxd7 45. Rcd6+ Kc7 46. Rc6+ Kb7 47. Rc5 Rd1# 0-1


[Site "https://www.chess.com"]

[Event "Titled Tuesday Blitz November 15 Early 2022"]
[White "Caruana, Fabiano"]
[Black "Firouzja, Alireza"]
[WhiteFideId "2020009"]
[BlackFideId "12573981"]
[WhiteElo "2847"]
[BlackElo "2903"]
[Result "1-0"]
[Round "11"]
[TimeControl "180+1"]
[Date "2022.11.15"]
[WhiteClock "0:01:18"]
[BlackClock "0:00:05"]

1. e4 g6 2. d4 Bg7 3. c4 d6 4. Nc3 Nf6 5. Nf3 O-O 6. Be2 Nbd7 7. O-O e5 8. Be3 c6 9. Qc2 Qe7 10. Rad1 exd4 11. Nxd4 Re8 12. f3 d5 13. cxd5 cxd5 14. Bg5 dxe4 15. fxe4 Qc5 16. Be3 Qe5 17. Bf4 Qa5 18. Ndb5 Ne5 19. Nd6 Rd8 20. Kh1 Qc5 21. Bxe5 Qxe5 22. Nxf7 Kxf7 23. Rxd8 Qc7 24. Qd3 Ke6 25. e5 1-0


[Site "https://www.chess.com"]

[Event "Titled Tuesday Blitz November 15 Early 2022"]
[White "Ciuffoletti, Paolo"]
[Black "Fernandez Garcia, Gumersindo"]
[WhiteFideId "807630"]
[BlackFideId "24516740"]
[WhiteElo "2143"]
[BlackElo "2140"]
[Result "0-1"]
[Round "11"]
[TimeControl "180+1"]
[Date "2022.11.16"]
[WhiteClock "0:00:04"]
[BlackClock "0:00:47"]

1. e4 e5 2. Nf3 Nc6 3. Bc4 Nf6 4. d4 exd4 5. Ng5 Ne5 6. Bb3 d5 7. exd5 Bc5 8. O-O O-O 9. Nd2 Bf5 10. Ndf3 Nxf3+ 11. Nxf3 Bg4 12. h3 Bh5 13. Bg5 Qd6 14. Qd3 Nxd5 15. Nxd4 Nb4 16. Nf5 Nxd3 17. Nxd6 Nxf2 18. Nxb7 Bb6 19. Rxf2 Rab8 20. Bd5 c6 21. Bxc6 Rfc8 22. Be4 Bg6 23. Bxg6 hxg6 24. Nd6 Rxc2 25. Ne4 Re8 26. Kf1 Bxf2 27. Nxf2 Ree2 28. Bh4 Rxb2 29. a3 g5 30. Bg3 f5 31. Nd3 Rbd2 32. Re1 Rxe1+ 33. Nxe1 Ra2 34. Bd6 Kf7 35. Nd3 Ke6 36. Bb4 Kd5 37. g3 Ke4 38. Nc5+ Kf3 39. Ke1 Kxg3 40. Ne6 f4 41. Nxg5 f3 42. Bd6+ Kg2 43. Ne4 Re2+ 44. Kd1 Rxe4 0-1


[Site "https://www.chess.com"]

[Event "Titled Tuesday Blitz November 15 Early 2022"]
[White "Concio, Michael Jr."]
[Black "Kamsky, Gata"]
[WhiteFideId "5217873"]
[BlackFideId "2000024"]
[WhiteElo "2236"]
[BlackElo "2666"]
[Result "1-0"]
[Round "11"]
[TimeControl "180+1"]
[Date "2022.11.15"]
[WhiteClock "0:00:08"]
[BlackClock "0:00:42"]

1. e4 e5 2. Nf3 Nc6 3. Bb5 Nf6 4. O-O Nxe4 5. Re1 Nd6 6. Nxe5 Be7 7. Ba4 Nxe5 8. Rxe5 O-O 9. c3 Bf6 10. Re1 b5 11. Bc2 Bg5 12. f4 Bh4 13. g3 Bf6 14. d4 Bb7 15. b3 Re8 16. Ba3 a5 17. Bxd6 cxd6 18. Nd2 b4 19. Ne4 bxc3 20. Nxf6+ Qxf6 21. Qd3 g6 22. Qxc3 Rec8 23. Qd2 Kg7 24. Be4 Bxe4 25. Rxe4 Qf5 26. Rae1 a4 27. b4 Qd5 28. f5 Qxf5 29. Rf4 Qd5 30. Re7 Rf8 31. Rxd7 a3 32. Rf2 Rac8 33. Qf4 Rc1+ 34. Qxc1 1-0


[Site "https://www.chess.com"]

[Event "Titled Tuesday Blitz November 15 Early 2022"]
[White "Deac, Bogdan-Daniel"]
[Black "Martinez Alcantara, Jose Eduardo"]
[WhiteFideId "1226380"]
[BlackFideId "3805662"]
[WhiteElo "2648"]
[BlackElo "2705"]
[Result "1-0"]
[Round "11"]
[TimeControl "180+1"]
[Date "2022.11.15"]
[WhiteClock "0:00:07"]
[BlackClock "0:00:01"]

1. e4 c5 2. Nf3 d6 3. Bb5+ Bd7 4. c4 Nf6 5. Nc3 e6 6. d4 cxd4 7. Nxd4 Be7 8. O-O O-O 9. Qe2 a6 10. Bxd7 Nbxd7 11. b3 Qc7 12. Bb2 Rfe8 13. Rad1 Bf8 14. f4 Rac8 15. Kh1 Qa5 16. Nf3 Nh5 17. g3 Red8 18. e5 dxe5 19. fxe5 Be7 20. a3 Qb6 21. b4 Qc6 22. c5 b6 23. Qxa6 Nxe5 24. b5 Qxc5 25. Na4 Rxd1 26. Nxc5 Rxf1+ 27. Kg2 Rxc5 28. Nxe5 Rd1 29. Qxb6 Rc2+ 30. Kh3 Rxb2 31. Qc7 f6 32. Qxe7 h6 33. Qf7+ Kh7 34. Qg6+ Kg8 35. Qf7+ Kh7 36. Qxh5 Rd5 37. Qg6+ Kg8 38. Qf7+ Kh7 39. Ng6 Rh5+ 40. Nh4 Rg5 41. Qxe6 Rbxb5 42. Qe4+ f5 43. Qd3 Rb2 44. Nxf5 Kh8 45. Nh4 Rb8 46. a4 Ra8 47. Ng6+ Kg8 48. Ne7+ Kh8 49. Nc6 Rxa4 50. Ne7 Ra8 51. Qf3 1-0


[Site "https://www.chess.com"]

[Event "Titled Tuesday Blitz November 15 Early 2022"]
[White "Deev, Andrei"]
[Black "Mouhamad, Joachim"]
[WhiteFideId "4102690"]
[BlackFideId "656410"]
[WhiteElo "2277"]
[BlackElo "2164"]
[Result "1-0"]
[Round "11"]
[TimeControl "180+1"]
[Date "2022.11.16"]
[WhiteClock "0:00:07"]
[BlackClock "0:00:10"]

1. e4 e6 2. d4 d5 3. Nd2 c5 4. exd5 exd5 5. Ngf3 Nf6 6. Be2 Nc6 7. O-O cxd4 8. Nb3 Bd6 9. Nfxd4 O-O 10. c3 Re8 11. Bg5 Ne5 12. Bh4 h6 13. Bg3 a6 14. Re1 Ng6 15. Bf3 Bxg3 16. hxg3 Rxe1+ 17. Qxe1 Bg4 18. Rd1 h5 19. Qe2 Bxf3 20. Qxf3 h4 21. gxh4 Nxh4 22. Qg3 Ne4 23. Qg4 Qf6 24. f3 Nd6 25. Ne2 Re8 26. Ng3 Nc4 27. Rxd5 Nxg2 28. Ne4 Qb6+ 29. Nd4 Nge3 30. Qd7 Qg6+ 31. Rg5 Qh6 32. Qxe8+ Kh7 33. Qxf7 Ne5 34. Rxe5 1-0


[Site "https://www.chess.com"]

[Event "Titled Tuesday Blitz November 15 Early 2022"]
[White "Demin, Vladimir"]
[Black "Mohammed, Zozek Salah Mohammed"]
[WhiteFideId "4167457"]
[BlackFideId "4803361"]
[WhiteElo "2572"]
[BlackElo "2199"]
[Result "0-1"]
[Round "11"]
[TimeControl "180+1"]
[Date "2022.11.16"]
[WhiteClock "0:00:01"]
[BlackClock "0:00:06"]

1. d4 d5 2. Nc3 c6 3. Bf4 Nf6 4. e3 Qb6 5. Na4 Qa5+ 6. c3 Nbd7 7. b4 Qd8 8. a3 Ne4 9. f3 Nef6 10. Bd3 g6 11. e4 dxe4 12. fxe4 Nh5 13. Be3 e5 14. Nf3 exd4 15. cxd4 Bg7 16. O-O O-O 17. e5 Nb6 18. Nc5 Nd5 19. Bf2 Nhf4 20. Bc4 b5 21. Bb3 Bg4 22. Ne4 a5 23. h3 Be6 24. bxa5 Qxa5 25. Nfg5 Bf5 26. Bg3 Bxe4 27. Nxe4 Ne6 28. Bxd5 cxd5 29. Nd6 Qc3 30. Nxb5 Qxg3 31. Rf3 Qg5 32. a4 Rac8 33. a5 Rc4 34. a6 Nxd4 35. Nxd4 Bxe5 36. Rd3 Rxd4 37. Rxd4 Qe3+ 38. Kh1 Qxd4 39. Qxd4 Bxd4 40. Rd1 Bf2 41. Rxd5 Ra8 42. Ra5 Ra7 43. g4 h6 44. Kg2 Bd4 45. Kf3 Bf6 46. Ke4 Bd8 47. Ra4 Bb6 48. Kd5 Rc7 49. Kd6 Rc3 50. h4 Bf2 51. h5 g5 52. Ke5 Kg7 53. a7 Bxa7 54. Rxa7 Rf3 55. Ra4 Rf1 56. Rd4 Rf2 57. Ra4 Rg2 58. Kf5 Re2 0-1


[Site "https://www.chess.com"]

[Event "Titled Tuesday Blitz November 15 Early 2022"]
[White "Dilmukhametov, Artur"]
[Black "Dushyant Sharma"]
[WhiteFideId "24179922"]
[BlackFideId "25065130"]
[WhiteElo "2197"]
[BlackElo "2270"]
[Result "0-1"]
[Round "11"]
[TimeControl "180+1"]
[Date "2022.11.16"]
[WhiteClock "0:00:24"]
[BlackClock "0:00:29"]

1. e4 d5 2. exd5 Nf6 3. Nc3 Bg4 4. Nf3 Nxd5 5. Be2 c6 6. O-O e6 7. d4 Nd7 8. Bg5 Be7 9. Bxe7 Qxe7 10. Nxd5 exd5 11. Re1 O-O 12. Ne5 Bxe2 13. Qxe2 Nxe5 14. Qxe5 Qb4 15. Rab1 h6 16. Qf4 Rae8 17. c3 Qxb2 18. Rbc1 Qxc3 19. Kf1 Qd3+ 20. Kg1 Re4 21. Rxe4 Qxe4 22. Qc7 Qxd4 23. Qxb7 c5 24. Qxa7 Rc8 25. h3 Qb4 26. Qd7 Qb8 27. Qxd5 Qb6 28. a4 g6 29. Qc4 Qc7 30. Kf1 Rd8 31. Qxc5 Rd1+ 32. Ke2 Rxc1 33. Qxc7 Rxc7 0-1


[Site "https://www.chess.com"]

[Event "Titled Tuesday Blitz November 15 Early 2022"]
[White "Dixit, Nikhil"]
[Black "Kopylov, Alexander A."]
[WhiteFideId "5059534"]
[BlackFideId "4164857"]
[WhiteElo "2207"]
[BlackElo "2436"]
[Result "1-0"]
[Round "11"]
[TimeControl "180+1"]
[Date "2022.11.16"]
[WhiteClock "0:00:12"]
[BlackClock "0:00:01"]

1. e4 e5 2. Nf3 Nc6 3. Nc3 g6 4. d4 exd4 5. Nxd4 Bg7 6. Be3 Nf6 7. Bc4 O-O 8. O-O Na5 9. Bd3 d5 10. exd5 Nxd5 11. Nxd5 Qxd5 12. Nb3 Nc4 13. Bxc4 Qxc4 14. c3 b6 15. Qf3 Rb8 16. Bd4 Bb7 17. Qg3 c5 18. Bxg7 Kxg7 19. Rad1 Rbd8 20. h3 Qe6 21. Rfe1 Qc6 22. Kh2 Kg8 23. Rxd8 Rxd8 24. Re7 Qd5 25. c4 Qc6 26. Rc7 Qe4 27. f3 Qxc4 28. Rxb7 Qc2 29. Qe5 Qd1 30. Qe7 Rf8 31. h4 Qc2 32. h5 Qxb2 33. h6 1-0


[Site "https://www.chess.com"]

[Event "Titled Tuesday Blitz November 15 Early 2022"]
[White "Donchenko, Alexander"]
[Black "Postnikov, Daniil"]
[WhiteFideId "24603295"]
[BlackFideId "4166329"]
[WhiteElo "2805"]
[BlackElo "2630"]
[Result "1-0"]
[Round "11"]
[TimeControl "180+1"]
[Date "2022.11.16"]
[WhiteClock "0:00:58"]
[BlackClock "0:00:11"]

1. e4 e6 2. d4 d5 3. Nd2 c5 4. exd5 Qxd5 5. Ngf3 cxd4 6. Bc4 Qd8 7. O-O a6 8. Nb3 Nc6 9. Nbxd4 Nxd4 10. Nxd4 Qc7 11. Bd3 Bd6 12. h3 Ne7 13. c3 e5 14. Nf3 f5 15. Bc2 Be6 16. Ng5 Bd5 17. Bb3 Qc6 18. Qh5+ g6 19. Qh6 O-O-O 20. Rd1 Bxb3 21. axb3 Bc5 22. Bd2 Qf6 23. Nf3 f4 24. Qg5 Qxg5 25. Nxg5 Rd7 26. Be1 Rhd8 27. Rxd7 Rxd7 28. Kf1 Nf5 29. Ne4 Bb6 30. Ke2 h6 31. Rd1 Rxd1 32. Kxd1 Kd7 33. Ke2 Ke6 34. b4 Kd5 35. Kd3 Nd6 36. c4+ Ke6 37. Nxd6 Kxd6 38. c5+ Bxc5 39. bxc5+ Kxc5 40. Ke4 Kd6 41. Bc3 Ke6 42. Bxe5 g5 43. Bg7 h5 44. Bc3 f3 45. gxf3 1-0


[Site "https://www.chess.com"]

[Event "Titled Tuesday Blitz November 15 Early 2022"]
[White "Dudzinski, Pawel"]
[Black "Zhigalko, Sergei"]
[WhiteFideId "1117890"]
[BlackFideId "13502956"]
[WhiteElo "2086"]
[BlackElo "2662"]
[Result "1-0"]
[Round "11"]
[TimeControl "180+1"]
[Date "2022.11.16"]
[WhiteClock "0:00:04"]
[BlackClock "0:00:04"]

1. e4 c5 2. c4 Nc6 3. Nc3 g6 4. g3 Bg7 5. Bg2 d6 6. Rb1 h5 7. h3 Nf6 8. Nge2 Bd7 9. a3 Qc8 10. b4 O-O 11. d3 Rb8 12. b5 Nd8 13. Nd5 Nxd5 14. cxd5 e6 15. dxe6 Nxe6 16. Bb2 Bxb2 17. Rxb2 Qd8 18. O-O Qa5 19. a4 a6 20. f4 axb5 21. f5 Nc7 22. Qc1 Kh7 23. Qg5 Qxa4 24. g4 hxg4 25. Qh4+ Kg8 26. Qh6 gxf5 27. exf5 Bxf5 28. Rxf5 Qa1+ 29. Kh2 Ne6 30. Be4 Rfe8 31. Rh5 Qxb2 32. Bh7+ Kh8 33. Bg6+ Kg8 34. Qh7+ Kf8 35. Qxf7# 1-0


[Site "https://www.chess.com"]

[Event "Titled Tuesday Blitz November 15 Early 2022"]
[White "Ezat, Mohamed"]
[Black "Georg, Heinz"]
[WhiteFideId "10600906"]
[BlackFideId "4607295"]
[WhiteElo "2386"]
[BlackElo "2345"]
[Result "1-0"]
[Round "11"]
[TimeControl "180+1"]
[Date "2022.11.16"]
[WhiteClock "0:00:41"]
[BlackClock "0:00:09"]

1. e4 e5 2. Nf3 Nc6 3. Bb5 f5 4. d3 Nf6 5. Nc3 d6 6. Bg5 Be7 7. O-O O-O 8. h3 Be6 9. exf5 Bxf5 10. Re1 Qd7 11. d4 exd4 12. Nxd4 Rae8 13. Rxe7 Rxe7 14. Bxf6 gxf6 15. Nd5 Rg7 16. Kh2 Be4 17. Nf4 Kh8 18. f3 a6 19. Bxc6 Bxc6 20. Nde6 Rfg8 21. Nxg7 Qxg7 22. Qe1 Re8 23. Qg3 Qe7 24. Nh5 Rg8 25. Qf4 Rg6 26. Qd2 Qe5+ 27. Nf4 Rg5 28. Re1 Qxb2 29. h4 Rg7 30. Nh5 Rf7 31. Qe3 Qxc2 32. Qe8+ Bxe8 33. Rxe8+ Rf8 34. Rxf8# 1-0


[Site "https://www.chess.com"]

[Event "Titled Tuesday Blitz November 15 Early 2022"]
[White "Fajdetic, Hrvoje"]
[Black "Rosenberg, Evan S"]
[WhiteFideId "14501945"]
[BlackFideId "2019299"]
[WhiteElo "2172"]
[BlackElo "2378"]
[Result "1/2-1/2"]
[Round "11"]
[TimeControl "180+1"]
[Date "2022.11.16"]
[WhiteClock "0:00:12"]
[BlackClock "0:00:09"]

1. b3 e5 2. Bb2 Nc6 3. e3 d5 4. Ne2 Bd6 5. d4 Nf6 6. c4 exd4 7. Nxd4 O-O 8. Be2 Ne5 9. cxd5 Bb4+ 10. Bc3 Nxd5 11. Bxb4 Nxb4 12. a3 c5 13. axb4 cxd4 14. Qxd4 Qxd4 15. exd4 Nc6 16. O-O Nxd4 17. Bc4 Bg4 18. Nc3 a6 19. Ra5 Rac8 20. b5 Nxb3 21. Bxb3 Rxc3 22. Bd5 axb5 23. f3 Bd7 24. Bxb7 Rb8 25. Be4 b4 26. Rb1 g6 27. Ra7 Be6 28. h4 b3 29. h5 gxh5 30. Kh2 b2 31. Rb7 Rxb7 32. Bxb7 Rc2 33. Be4 Rd2 34. Kg3 Ba2 35. Rh1 Re2 36. Bb1 Bxb1 37. Rxb1 Kg7 38. Kh3 Kg6 39. g3 Kg5 40. Rd1 Rc2 41. Rd5+ Kf6 42. Rb5 Ke6 43. Kh4 Rh2+ 44. Kg5 f6+ 45. Kf4 Rc2 46. Ke3 Kd6 47. Kd3 Rh2 48. Kd4 Kc6 49. Rb3 Rd2+ 50. Kc3 Rg2 51. Rxb2 Rxg3 52. Rf2 Kd5 53. Kd3 Ke5 54. Ke3 Kf5 55. Rh2 h4 56. Rxh4 Rg7 57. Rh5+ Kg6 58. Rb5 Re7+ 59. Kf4 Re5 60. Rb6 Ra5 61. Rb7 Ra4+ 62. Kg3 h5 63. Rb5 f5 64. Rb6+ Kg5 65. Rb8 h4+ 66. Kh3 Kf4 67. Kxh4 Kxf3+ 68. Kh3 Ra3 69. Kh2 f4 70. Kg1 Ra2 71. Rb3+ Kg4 72. Kf1 f3 73. Rb8 Ra1+ 74. Kf2 Ra2+ 75. Kf1 Ra1+ 76. Kf2 Ra2+ 77. Kf1 1/2-1/2


[Site "https://www.chess.com"]

[Event "Titled Tuesday Blitz November 15 Early 2022"]
[White "Fathy, Elameir"]
[Black "Langner, Ladislav"]
[WhiteFideId "10600396"]
[BlackFideId "300403"]
[WhiteElo "2311"]
[BlackElo "2346"]
[Result "1-0"]
[Round "11"]
[TimeControl "180+1"]
[Date "2022.11.16"]
[WhiteClock "0:00:46"]
[BlackClock "0:00:06"]

1. d4 Nf6 2. c4 g6 3. Nc3 d5 4. cxd5 Nxd5 5. Bd2 Bg7 6. e4 Nxc3 7. Bxc3 c5 8. d5 O-O 9. Qd2 e6 10. Bc4 exd5 11. Bxd5 Be6 12. Bxg7 Kxg7 13. Ne2 Bxd5 14. exd5 Nd7 15. O-O Nf6 16. Rad1 Qd6 17. Rfe1 Rfe8 18. Nc3 Rad8 19. Rxe8 Rxe8 20. Nb5 Qxd5 21. Qxd5 Nxd5 22. Nxa7 Nb4 23. a3 Nd3 24. h3 Nxb2 25. Rd7 Re1+ 26. Kh2 c4 27. Nb5 Nd1 28. Rxb7 Nxf2 29. Nd6 Rh1+ 30. Kg3 Rd1 31. Nxf7 Nh1+ 32. Kh2 Kf6 33. Nd6 c3 34. Ne4+ Ke5 35. Nxc3 Rc1 36. Rb5+ Ke6 37. Ne4 h5 38. h4 Ra1 39. a4 Ke7 40. a5 Kd7 41. a6 Kc6 42. Rg5 1-0


[Site "https://www.chess.com"]